 Dungeon Crawl Stone Soup version 0.31.0-12-g77e489cdc1 (webtiles) character file.

Game seed: 13289541134262862462

92 sking99 the Cudgeller (level 4, -2/48 HPs)
             Began as an Oni Gladiator on Feb 20, 2024.
             Killed by nerve-wracking pain
             ... invoked by Grinder
              (7 damage)
             ... on level 4 of the Dungeon.
             The game lasted 00:05:37 (2861 turns).

sking99 the Cudgeller (Oni Gladiator)               Turns: 2861, Time: 00:05:37

Health: -2/48      AC:  4    Str: 18    XL:     4   Next: 60%
Magic:  4/4        EV: 10    Int:  9    God:
Gold:   143        SH:  0    Dex: 12    Spells: 3/3 levels left

rFire   . . .        a - +0 flail
rCold   . . .        (no shield)
rNeg    . . .        b - +0 robe
rPois   .            c - +0 hat
rElec   .            v - +0 cloak
rCorr   +            (gloves unavailable)
SInv    .            (boots unavailable)
Will    .....        (no amulet)
Stlth   +            h - ring of resist corrosion
HPRegen 0.28/turn    (no ring)
MPRegen 0.09/turn

%: no passive effects
@: no status effects
A: large, unfitting armour, horns 1, tough skin 1, double potion healing,
drunken brawling
a: no special abilities


You were on level 4 of the Dungeon.
You visited 1 branch of the dungeon, and saw 4 of its levels.

You collected 143 gold pieces.

Inventory:

Hand Weapons
 a - a +0 flail (weapon)
Missiles
 d - 3 throwing nets (quivered)
 e - a large rock
 x - 8 poisoned darts
Armour
 b - a +0 robe (worn)
 c - a +0 hat (worn)
 v - a +0 cloak (worn)
Jewellery
 h - a ring of resist corrosion (left hand)
Wands
 s - a wand of charming (8)
Scrolls
 f - a scroll of fog {unknown}
 i - a scroll of summoning {unknown}
 k - 4 scrolls of identify {unknown}
 l - 3 scrolls of fear {unknown}
 m - a scroll of enchant armour {unknown}
 n - 2 scrolls of poison {unknown}
 o - a scroll of noise {unknown}
 p - a scroll of revelation {unknown}
 q - a scroll of vulnerability {unknown}
Potions
 g - a potion of heal wounds {unknown}
 j - 2 potions of mutation {unknown}
 r - a potion of might {unknown}
 t - a potion of resistance {unknown}
 u - a potion of magic {unknown}
 w - a potion of degeneration {unknown}


   Skills:
 + Level 3.8 Fighting
 * Level 4.2 Maces & Flails
 + Level 2.8 Throwing
 - Level 2.6 Dodging


You had 3 spell levels left.
You didn't know any spells.
Your spell library contained the following spells:

 Spells                   Type           Power      Damage    Failure   Level
 Scorch                   Fire           0%         2d5       52%         2
 Flame Wave               Conj/Fire      0%         2d4       99%         4
 Summon Cactus Giant      Summ           0%         N/A       100%        6


Dungeon Overview and Level Annotations

Branches:
Dungeon (4/15)
 Temple: D:4-7

Altars:

Annotations:
D:4 exclusion: kobold brigand, Grinder


Innate Abilities, Weirdness & Mutations

You are too large for most types of armour.
You have a pair of small horns on your head.
You have tough skin. (AC +1)
You gain doubled healing and magic from potions.
Whenever you drink a healing potion, you attack all around you.


Message History

You can move again.
The ball python hisses angrily.
Grinder hits you.
You writhe in agony.
You barely miss Grinder. Your headbutt misses Grinder. You punch Grinder.
Grinder is moderately wounded.
Grinder hits you but does no damage.
You closely miss Grinder.
Grinder is moderately wounded.
Grinder says, "Tell me all your secrets, or I'll kill you."
Grinder gestures at you. Pain shoots through your body!
You closely miss Grinder.
Grinder is moderately wounded.
The ball python bites you but does no damage.
Grinder gestures at you. Pain shoots through your body!
The ball python bites you but does no damage.
Grinder hits you but does no damage.
You hit Grinder.
Grinder is moderately wounded.
The ball python barely misses you. Grinder hits you.
You writhe in agony.
* * * LOW HITPOINT WARNING * * *
You hit Grinder but do no damage.
Grinder is moderately wounded.
The ball python bites you.
* * * LOW HITPOINT WARNING * * *
Grinder hits you!
* * * LOW HITPOINT WARNING * * *
The ball python bites you but does no damage.
You hit Grinder. You headbutt Grinder, but do no damage.
Grinder is heavily wounded.
Grinder misses you. The ball python bites you.
* * * LOW HITPOINT WARNING * * *
You hit Grinder. Your headbutt misses Grinder.
Grinder is heavily wounded.
The ball python closely misses you. Grinder gestures at you.
Pain shoots through your body!
You die...
Grinder says, "Hey, I wasn't done torturing you yet!"

.# #.# #.# #. #K#
#.# #.# #.
#.######.# #.# #.
#........#
#.######.
#.#.######
#........ # #.#
#########
#.################
#.................
#@.###############
......5S.# #
########.# # ... #
#.#. # #.#)# # #.#
# ######## +#
#....... #.######


You could see Grinder and a ball python.

Vanquished Creatures
  2 adders
  A dart slug (D:3)
  A ribbon worm (D:4)
  3 orcs (D:3)
  9 bats
  5 endoplasms
  3 giant cockroaches
  5 goblins
  6 hobgoblins
  A jackal (D:3)
  9 kobolds
  4 quokkas
  6 ball pythons
  3 frilled lizards
  3 rats
61 creatures vanquished.

Notes
Turn   | Place    | Note
-------+----------+-------------------------------------------
     0 | D:1      | sking99 the Oni Gladiator began the quest for the Orb.
     0 | D:1      | Reached XP level 1. HP: 22/22 MP: 1/1
   221 | D:1      | Reached XP level 2. HP: 26/29 MP: 2/2
   953 | D:1      | Reached XP level 3. HP: 37/37 MP: 3/3
  1810 | D:3      | Reached skill level 4 in Maces & Flails
  1811 | D:3      | Reached XP level 4. HP: 34/45 MP: 4/4
  2439 | D:4      | Noticed a kobold brigand
  2850 | D:4      | Noticed Grinder
  2851 | D:4      | Paralysed by Grinder for 3 turns
  2861 | D:4      | Killed from afar by Grinder

Illustrated notes

Levels and vault maps discovered:
D:1:      lemuel_arrival_cross, layout_loops_ring, serial_park_tiny_1,
          chequers_mini_garden, nrook_uturn, minmay_door_square,
          minmay_misc_feat_nine_boxes, st_stairs_1
D:2:      layout_loops_cross
D:3:      layout_loops_ring, minmay_fountain_box, dk_noncrumbling_2,
          minmay_guardbox
D:4:      layout_basic, uniq_grinder

Skill      XL: |  1  2  3 |
---------------+----------+-----
Fighting       | 3 |  3.8
Maces & Flails | 4 |  4.2
Throwing       | |  2.8
Dodging        | |  2.6

Action                     |  1- 3 |  4- 6 || total
---------------------------+-------+-------++-------
  Melee: Flail             |   108 |    52 ||   160
         Headbutt          |    16 |     6 ||    22
         Punch             |     1 |     1 ||     2
   Stab: Sleeping          |     1 |       ||     1
 Armour: Robe              |    92 |    40 ||   132
  Dodge: Dodged            |    53 |    22 ||    75
